 Dungeon Crawl Stone Soup version 0.31-b1-22-gc680215f68 (webtiles) character file.

Game seed: 14252135085135180721

42222 howech the Severer (level 13, -7/122 HPs)
             Began as a Minotaur Berserker on Jan 18, 2024.
             Was an Elder of Trog.
             Mangled by a death yak (10 damage)
             ... while petrified by a catoblepas
             ... on level 5 of the Lair of Beasts.
             The game lasted 01:01:51 (14698 turns).

howech the Severer (Minotaur Berserker)            Turns: 14698, Time: 01:01:51

Health: -7/122     AC: 15    Str: 28    XL:     13   Next: 84%
Magic:  12/12      EV:  2    Int:  6    God:    Trog [****..]
Gold:   887        SH:  0    Dex: 19    Spells: 12/12 levels left

rFire   . . .        a - +4 hand axe
rCold   . . .        w - +0 buckler
rNeg    + + +        r - +0 chain mail
rPois   ∞            (helmet restricted)
rElec   .            m - +0 cloak
rCorr   .            C - +0 pair of gloves
SInv    .            z - +0 pair of boots
Will    ++...        (no amulet) Stlth
                     o - +6 ring of dexterity
HPRegen 1.40/turn    N - +6 ring of strength
MPRegen 0.13/turn

%: no passive effects
@: petrified, strong-willed, on berserk cooldown, regenerating, slowed
A: horns 2, retaliatory headbutt
a: Renounce Religion, Berserk, Trog's Hand, Brothers in Arms


You were on level 5 of the Lair of Beasts.
You worshipped Trog.
Trog was greatly pleased with you.
You visited 2 branches of the dungeon, and saw 14 of its levels.
You also visited: Sewer.

You collected 917 gold pieces.
You spent 30 gold pieces at shops.

Inventory:

Hand Weapons
 a - a +4 hand axe (weapon)
 F - a +0 club
 I - a +2 heavy war axe
 K - a +0 flail
Missiles
 p - 4 curare-tipped darts
 D - 5 boomerangs (quivered)
 G - 5 javelins
 M - 6 poisoned darts
Armour
 m - a +0 cloak (worn)
 q - the +0 robe of Gestures {rPois}
   (You found it on level 4 of the Dungeon)

   rPois:     It protects you from poison
 r - a +0 chain mail (worn)
 w - a +0 buckler (worn)
 x - the scarf of Maixoc {harm, Str+3 SInv}
   (You found it in a sewer)

   Str+3:     It affects your strength (+3).
   SInv:      It lets you see invisible.
 z - a +0 pair of boots (worn)
 C - a +0 pair of gloves (worn)
 O - a +0 pair of gloves
 S - +0 acid dragon scales
 U - a +0 pair of gloves
Jewellery
 o - a +6 ring of dexterity (left hand)
 J - a ring of positive energy
 N - a +6 ring of strength (right hand)
Wands
 g - a wand of paralysis (13)
 P - a wand of polymorph (16)
 W - a wand of mindburst (9)
 X - a wand of digging (6)
 Y - a wand of flame (12)
Scrolls
 d - 4 scrolls of fear
 e - 8 scrolls of teleportation
 f - 2 scrolls of enchant armour
 h - 3 scrolls of immolation
 i - 3 scrolls of butterflies
 k - 3 scrolls of poison
 l - 2 scrolls of amnesia
 y - a scroll of blinking
 B - 2 scrolls of brand weapon
 L - 6 scrolls of identify
 Q - a scroll of torment {unknown}
 T - a scroll of revelation {unknown}
Potions
 b - 2 potions of degeneration {unknown}
 c - 3 potions of curing
 j - 2 potions of ambrosia {unknown}
 n - a potion of haste {unknown}
 s - 3 potions of heal wounds {unknown}
 t - 2 potions of mutation {unknown}
 u - 3 potions of resistance
 A - a potion of attraction {unknown}
 E - a potion of lignification {unknown}
 H - 3 potions of brilliance {unknown}
 R - 2 potions of enlightenment {unknown}
Miscellaneous
 V - a phantom mirror


   Skills:
 + Level 13.4 Fighting
 * Level 18.0 Axes
 + Level 8.8 Armour
 + Level 7.7 Dodging
 + Level 8.0 Shields
 + Level 9.8 Evocations


You had 12 spell levels left.
You didn't know any spells.
Your spell library was empty.

Dungeon Overview and Level Annotations

Branches:
Dungeon (9/15)             Temple (0/1) D:4            Lair (5/5) D:9
  Swamp (0/4) Lair:3       Spider (0/4) Lair:2        Slime (0/5) Lair:4
    Orc (0/2) D:9           Sewer (visited)

Altars:
Ashenzari
Cheibriados
Elyvilon
Fedhas
Gozag
Hepliaklqana
Makhleb
Nemelex Xobeh
Okawaru
Qazlal
Trog
Wu Jian
Xom
Zin
The Shining One
Jiyva

Shops:
D:5 !   D:8 :

Annotations:
D:9 3 runed translucent doors, tdog's ghost, novice SpBr
Lair:3 exclusion: oklob plant
Lair:5 3 runed translucent doors, laqueoix's ghost, journeyman DrSh


Innate Abilities, Weirdness & Mutations

You have a pair of horns on your head.
You reflexively headbutt those who attack you in melee.


Message History

The yak gores you!
Your limbs are stiffening.
You slash the catoblepas!
The catoblepas is heavily wounded.
You slash the yak! You barely miss the death yak.
You are engulfed in calcifying dust.
Your limbs have turned to stone.
You have turned to stone.
You are engulfed in calcifying dust.
You are no longer berserk.
You feel yourself slow down. The death yak gores you!
The catoblepas breathes a plume of calcifying dust at you.
The blast of calcifying dust hits you but does no damage.
The blast of calcifying dust hits the yak.
The yak is engulfed in calcifying dust.
The yak stops moving altogether!
You are engulfed in calcifying dust.
The death yak is no longer petrified.
The catoblepas gores you but does no damage.
The yak is engulfed in calcifying dust.
You are engulfed in calcifying dust.
The death yak gores you! The catoblepas completely misses you.
The yak is engulfed in calcifying dust.
The death yak gores you!! The death yak gores you! The catoblepas gores you.
The yak is engulfed in calcifying dust.
The death yak gores you. The death yak gores you! The catoblepas gores you!!
The death yak gores you! x2
The catoblepas gores you! The death yak gores you! The death yak gores you!
The catoblepas gores you!
* * * LOW HITPOINT WARNING * * *
The death yak gores you.
* * * LOW HITPOINT WARNING * * *
The yak is no longer petrified.
The death yak gores you!
* * * LOW HITPOINT WARNING * * *
The catoblepas gores you!!
* * * LOW HITPOINT WARNING * * *
The yak gores you!
* * * LOW HITPOINT WARNING * * *
The death yak gores you but does no damage.
The death yak gores you!
* * * LOW HITPOINT WARNING * * *
The catoblepas gores you!
* * * LOW HITPOINT WARNING * * *
The yak completely misses you. The death yak gores you!!
You die...

#......##P....###.
##....####........
##.### ##.###...#
### ##..# ...
#######..## .#
#..##...##
##......###
#....##.YY###
##...####@YY##
#....# ##Y..##
###### ##..†#
##.....YY.#
###.##.)## ## #


You could see 2 death yaks, a catoblepas and 2 yaks.

Vanquished Creatures
  2 hydras
  An anaconda (Lair:3)
  2 boulder beetles
  2 catoblepae
  12 death yaks
  A skyshark (Lair:4)
  A lindwurm (Lair:4)
  A manticore (Lair:5)
  16 elephants
  4 black mambas
  Maggie (Lair:2)
  7 cane toads
  A torpor snail (Lair:5)
  4 komodo dragons
  3 rime drakes
  Psyche (D:8)
  4 polar bears
  A tyrant leech (Lair:3)
  15 blink frogs
  7 dream sheep (Lair:4)
  2 wyverns
  3 basilisks
  2 humans (D:7)
  3 steam dragons
  31 yaks
  19 water moccasins
  2 swamp worms (Lair:3)
  A sky beast (D:7)
  2 orc warriors
  4 black bears
  An ice beast (D:8)
  4 wolves (Lair:2)
  2 centaurs (D:9)
  2 ogres
  2 phantoms
  A kobold brigand (D:7)
  13 bullfrogs
  5 scorpions
  4 howler monkeys (D:8)
  An electric eel (D:6)
  4 bombardier beetles
  9 jellies
  A hound (D:7)
  Crazy Yiuf (D:2)
  2 gnoll boudas
  4 orc priests
  2 iguanas
  A sleepcap (D:5)
  5 orc wizards
  Robin (D:2)
  13 gnolls
  14 adders
  A river rat (Sewer)
  2 white imps
  3 dart slugs
  5 ribbon worms
  27 orcs
  8 ball pythons
  7 bats
  24 endoplasms
  7 giant cockroaches
  8 hobgoblins
  2 jackals (D:2)
  12 kobolds
  3 quokkas
  2 frilled lizards
  18 goblins
  7 rats
  A spectral orc (D:9)
  A butterfly (Lair:5)
385 creatures vanquished.

Vanquished Creatures (collateral kills)
  2 hydras (Lair:3)
  2 blink frogs (Lair:3)
4 creatures vanquished.

Grand Total: 389 creatures vanquished

Notes
Turn   | Place    | Note
-------+----------+-------------------------------------------
     0 | D:1      | howech the Minotaur Berserker began the quest for the Orb.
     0 | D:1      | Reached XP level 1. HP: 19/19 MP: 0/0
   161 | D:1      | Reached XP level 2. HP: 27/27 MP: 1/1
   334 | D:1      | Reached skill level 4 in Axes
   579 | D:2      | Reached XP level 3. HP: 25/33 MP: 2/2
   670 | D:2      | Reached skill level 1 in Shields
   757 | D:2      | Reached ** piety under Trog
   810 | D:2      | Noticed Robin
   829 | D:2      | Killed Robin
   830 | D:2      | Reached XP level 4. HP: 36/40 MP: 3/3
  1032 | D:2      | Found a glowing golden altar of the Shining One.
  1187 | D:2      | Reached skill level 1 in Evocations
  1218 | D:2      | Found a runed translucent door.
  1219 | D:2      | Noticed Crazy Yiuf
  1225 | D:2      | Killed Crazy Yiuf
  1526 | D:3      | Reached XP level 5. HP: 47/47 MP: 4/4
  1566 | D:3      | Reached skill level 5 in Axes
  1773 | D:3      | Noticed an ogre
  1792 | D:3      | Killed an ogre
  1793 | D:3      | Reached XP level 6. HP: 52/55 MP: 5/5
  2300 | D:4      | Found a staircase to the Ecumenical Temple.
  2344 | D:4      | Found a broken altar of Ashenzari.
  2344 | D:4      | Found a snail-covered altar of Cheibriados.
  2345 | D:4      | Found a sparkling altar of Nemelex Xobeh.
  2356 | D:4      | Found an opulent altar of Gozag.
  2429 | D:4      | Found a burning altar of Makhleb.
  2429 | D:4      | Found a glowing silver altar of Zin.
  2430 | D:4      | Noticed an angel
  2430 | D:4      | Noticed a blizzard demon
  2515 | D:4      | Identified the +0 robe of Gestures {rPois}
  2810 | D:5      | Entered Level 5 of the Dungeon
  2830 | D:5      | Reached skill level 5 in Fighting
  2831 | D:5      | Reached skill level 6 in Axes
  2831 | D:5      | Reached XP level 7. HP: 61/61 MP: 6/6
  3114 | D:5      | Found Lijo's Distillery.
  3121 | D:5      | Bought a potion of curing for 30 gold pieces
  3701 | D:6      | Reached XP level 8. HP: 56/70 MP: 7/7
  3719 | D:6      | Reached *** piety under Trog
  3767 | D:6      | Found a glowing drain.
  3771 | Sewer    | Entered a sewer
  3837 | Sewer    | Reached skill level 7 in Axes
  3847 | Sewer    | Reached skill level 5 in Armour
  3865 | Sewer    | Identified the scarf of Maixoc {harm, Str+3 SInv}
  3891 | Sewer    | Found a viscous altar of Jiyva.
  4291 | D:6      | Found a white marble altar of Elyvilon.
  4334 | D:6      | Found a faded altar of an unknown god.
  4519 | D:7      | Found an iron altar of Okawaru.
  4533 | D:7      | Reached skill level 8 in Axes
  4533 | D:7      | Reached skill level 5 in Dodging
  4858 | D:7      | Reached skill level 5 in Shields
  4897 | D:7      | Reached XP level 9. HP: 74/78 MP: 8/8
  4947 | D:7      | Found a bloodstained altar of Trog.
  5177 | D:7      | Reached **** piety under Trog
  5361 | D:8      | Noticed Psyche
  5366 | D:8      | Killed Psyche
  5367 | D:8      | Reached skill level 9 in Axes
  5517 | D:8      | Found Wuabi's Book Emporium.
  5731 | D:8      | Found an ornate altar of the Wu Jian Council.
  5959 | D:8      | Found a blossoming altar of Fedhas.
  5959 | D:8      | Found a shimmering altar of Xom.
  6095 | D:9      | Reached skill level 10 in Axes
  6115 | D:9      | Found a staircase to the Orcish Mines.
  6177 | D:9      | Found a runed translucent gate.
  6177 | D:9      | Found a runed translucent gate.
  6178 | D:9      | Found a runed translucent gate.
  6183 | D:9      | Noticed tdog's ghost (novice SpBr)
  6234 | D:9      | Noticed a death yak
  6276 | D:9      | Killed a death yak
  6277 | D:9      | Reached skill level 5 in Evocations
  6277 | D:9      | Reached XP level 10. HP: 88/88 MP: 9/9
  6372 | D:9      | Reached skill level 11 in Axes
  6405 | D:9      | Noticed a death yak
  6406 | D:9      | Noticed a death yak
  6425 | D:9      | Noticed a death yak
  6428 | D:9      | Noticed a death yak
  6631 | D:9      | Found a staircase to the Lair.
  6690 | D:8      | Killed a death yak
  6831 | D:8      | Killed a death yak
  7102 | D:8      | Killed a death yak
  7103 | D:8      | Reached skill level 12 in Axes
  7161 | D:8      | Killed a death yak
  7363 | D:9      | Found a hazy altar of Hepliaklqana.
  7421 | D:9      | Found a stormy altar of Qazlal.
  7645 | Lair:1   | Entered Level 1 of the Lair of Beasts
  7645 | Lair:1   | Noticed a black mamba
  7655 | Lair:1   | Killed a black mamba
  7780 | Lair:1   | Reached skill level 13 in Axes
  7960 | Lair:1   | Noticed a cane toad
  7969 | Lair:1   | Killed a cane toad
  7970 | Lair:1   | Reached XP level 11. HP: 95/99 MP: 10/10
  8008 | Lair:1   | Reached skill level 10 in Fighting
  8866 | Lair:1   | Reached skill level 14 in Axes
  9137 | Lair:2   | Noticed a boulder beetle
  9217 | Lair:1   | Killed a boulder beetle
  9463 | Lair:2   | Found a hole to the Spider Nest.
  9479 | Lair:2   | Reached skill level 15 in Axes
  9539 | Lair:2   | Reached XP level 12. HP: 91/110 MP: 11/11
  9589 | Lair:2   | Noticed Maggie
  9600 | Lair:2   | Killed Maggie
 10432 | Lair:3   | Noticed a catoblepas
 10453 | Lair:3   | Killed a catoblepas
 10454 | Lair:3   | Reached skill level 16 in Axes
 10642 | Lair:3   | Noticed a boulder beetle
 10672 | Lair:3   | Killed a boulder beetle
 11010 | Lair:3   | Noticed an eight-headed hydra
 11015 | Lair:3   | Killed an eight-headed hydra
 11157 | Lair:3   | Found a staircase to the Swamp.
 11318 | Lair:3   | Noticed a six-headed hydra
 11327 | Lair:3   | Killed a nine-headed hydra
 11380 | Lair:3   | Noticed an anaconda
 11389 | Lair:3   | Killed an anaconda
 11475 | Lair:4   | Noticed a four-headed hydra
 11492 | Lair:4   | Killed a ten-headed hydra
 11945 | Lair:4   | Noticed a six-headed hydra
 12064 | Lair:3   | Killed a six-headed hydra
 12065 | Lair:3   | Reached XP level 13. HP: 81/119 MP: 12/12
 12464 | Lair:4   | Found a staircase to the Slime Pits.
 12464 | Lair:4   | Found a viscous altar of Jiyva.
 12474 | Lair:4   | Reached skill level 17 in Axes
 13246 | Lair:5   | Entered Level 5 of the Lair of Beasts
 13836 | Lair:5   | Found a runed translucent gate.
 13837 | Lair:5   | Found a runed translucent gate.
 13838 | Lair:5   | Found a runed translucent gate.
 13839 | Lair:5   | Noticed laqueoix's ghost (journeyman DrSh)
 14687 | Lair:5   | Reached skill level 18 in Axes
 14698 | Lair:5   | HP: 3/122 [catoblepas (4)]
 14698 | Lair:5   | Mangled by a death yak

Illustrated notes

Levels and vault maps discovered:
D:1:      ebering_trefoil_twist, layout_basic
D:2:      layout_basic, basic_altar, uniq_crazy_yiuf_cottage, uniq_robin
D:3:      layout_rooms
D:4:      layout_cave_pools, grunt_temple_overflow_order_and_chaos_2,
          nicolae_overflow_quartered_altars, minmay_temple_entry_sparse_star,
          serial_park, serial_park_tiny_2, serial_park_square2,
          serial_park_tiny_2
D:5:      layout_loops_ring, serial_shops,
          nicolae_shop_temple_entry_statues_fountains, kennysheep_boxes
D:6:      layout_cave_pools, nicolae_elyvilon_peaceful_grove,
          gup_sewer_entry_spiral, serial_column_ruins, column_ruins_temple_hall,
          column_ruins_hut, column_ruins_open_tiny, column_ruins_columns_water,
          column_ruins_grid_3, column_ruins_open_small,
          column_ruins_columns_straight
D:7:      layout_rooms, mainiacjoe_overflow_surrounded_room, okawaru_humans
D:8:      layout_gridville, mainiacjoe_overflow_24_doors,
          chequers_temple_overflow_statue_of_worship, serial_shops, shop,
          minivault_27, kennysheep_path_1, minmay_misc_feat_tiny, uniq_psyche
D:9:      layout_long_grid, nicolae_hepliaklqana_monster_ancestors,
          general_overflow_altar, dpeg_lair_monsters, orc_0_dummy,
          gammafunk_ghost_necromancy
Lair:1:   layout_chaotic_city
Lair:2:   layout_loops_ring, nicolae_spider_entry_non_spiders,
          infiniplex_staircase_pool_2, uniq_maggie
Lair:3:   wander_river, layout_chaotic_city, minmay_swamp_entry_worms,
          minmay_lair_oklob_bushes, hellmonk_talismancer, grunt_megastairs_5
Lair:4:   layout_roguey, nicolae_slime_entry_slimehenge, fungi_pond_lemuel,
          infiniplex_staircase_pool
Lair:5:   evilmike_catoblepas_cave, layout_hall_layers,
          ebering_ghost_rock_garden, lemuel_fruit_fields, lemuel_fruit_fields

Skill      XL: |  1  2  3  4  5  6  7  8  9 10 11 12 13 |
---------------+----------------------------------------+-----
Axes           | 4 5 6 8 10 13 15 16 18 | 18.0
Fighting       | 4 5 6 8 9 11 12 13 | 13.4
Shields        | 1 2 3 5 6 8 |  8.0
Armour         | 3 4 5 6 7 8 |  8.8
Evocations     | 1 2 3 5 6 8 9 |  9.8
Dodging        | 3 4 5 6 7 |  7.7

Action                     |  1- 3 |  4- 6 |  7- 9 | 10-12 | 13-15 || total
---------------------------+-------+-------+-------+-------+-------++-------
  Melee: Hand axe          |    88 |   121 |   233 |   589 |   277 ||  1308
         Headbutt          |    15 |    16 |    39 |   149 |   102 ||   321
         Punch             |       |     1 |       |       |       ||     1
  Throw: Dart              |       |     4 |    11 |       |       ||    15
         Boomerang         |       |       |     7 |    54 |    20 ||    81
         Javelin           |       |       |     2 |     5 |       ||     7
 Invoke: Berserk           |     1 |     5 |     4 |    17 |     3 ||    30
         Trog's Hand       |     1 |     2 |     6 |     8 |     7 ||    24
         Brothers in Arms  |       |       |       |     2 |       ||     2
  Evoke: Wand              |       |       |     2 |     4 |       ||     6
    Use: Scroll            |       |       |     9 |       |       ||     9
         Potion            |       |       |     2 |       |     4 ||     6
   Stab: Paralysed         |       |       |     2 |     3 |       ||     5
         Petrified         |       |       |       |       |     6 ||     6
 Armour: Scale mail        |    59 |    66 |       |       |       ||   125
         Animal skin       |     3 |       |       |       |       ||     3
         Chain mail        |       |    45 |   131 |   326 |   217 ||   719
  Dodge: Dodged            |    60 |    78 |    81 |   172 |   120 ||   511
  Block: Buckler           |       |       |    37 |   115 |    50 ||   202
